 Dungeon Crawl Stone Soup version 0.29-a0-997-gf6f7e2dfe7 (webtiles) character file.

Game seed: 6024756016776217101

70709 quixfox the Geomancer (level 15, -1/96 HPs)
             Began as a Gargoyle Earth Elementalist on Aug 4, 2022.
             Was a High Priest of Vehumet.
             Killed from afar by a deep elf zephyrmancer (6 damage)
             ... with a bolt of lightning
             ... on level 1 of the Elven Halls on Aug 5, 2022.
             The game lasted 01:49:53 (29200 turns).

quixfox the Geomancer (GrEE)                       Turns: 29200, Time: 01:49:53

Health: -1/96      AC: 29    Str: 14    XL:     15   Next: 34%
Magic:  27/30      EV: 18    Int: 33    God:    Vehumet [*****.]
Gold:   2049       SH:  0    Dex: 14    Spells: 21/36 levels left

rFire   . . .      SeeInvis +   F - +3 mace (protect)
rCold   . . .      Faith    .   (no shield)
rNeg    + . .      Spirit   .   s - +4 robe of Augmentation {Str+4 Int+4 Dex+4}
rPois   ∞          Reflect  .   g - +2 helmet
rElec   +          Harm     .   t - +2 cloak of the Invisible Hand {Str-2 Int+6}
rCorr   .          Rampage  .   a - +2 pair of gloves
Will    +....                   h - +1 pair of boots {Fly}
Stlth   ++........              (no amulet)
HPRegen 0.26/turn               y - +4 ring of evasion
MPRegen 0.22/turn               w - ring of see invisible

@: flying
A: sickness immunity, AC +11, big wings, negative energy resistance 1,
electricity resistance, torment resistance 1, petrification resistance
a: Renounce Religion


You were on level 1 of the Elven Halls.
You worshipped Vehumet.
Vehumet was extremely pleased with you.
You visited 5 branches of the dungeon, and saw 21 of its levels.
You also visited: Sewer and Bailey.

You collected 2049 gold pieces.

Inventory:

Hand Weapons
 F - a +3 mace of protection (weapon)
Missiles
 o - 4 throwing nets
Armour
 a - a +2 pair of gloves (worn)
 g - a +2 helmet (worn)
 h - a +1 pair of boots of flying (worn)
 s - the +4 robe of Augmentation (worn) {Str+4 Int+4 Dex+4}
   (You found it on level 4 of the Dungeon)

   Str:       It affects your strength (+4).
   Int:       It affects your intelligence (+4).
   Dex:       It affects your dexterity (+4).
 t - the +2 cloak of the Invisible Hand (worn) {Str-2 Int+6}
   (You acquired it on level 6 of the Dungeon)

   Str:       It affects your strength (-2).
   Int:       It affects your intelligence (+6).
 K - a +0 buckler
Jewellery
 i - a ring of ice
 k - a ring of protection from cold
 w - a ring of see invisible (right hand)
 y - a +4 ring of evasion (left hand)
 N - a ring of resist corrosion
Wands
 p - a wand of paralysis (15)
 q - a wand of roots (13)
 I - a wand of mindburst (5)
Scrolls
 e - 5 scrolls of magic mapping
 f - 3 scrolls of teleportation
 j - 3 scrolls of enchant armour
 m - 4 scrolls of identify
 r - 5 scrolls of immolation
 v - 7 scrolls of butterflies
 B - a scroll of poison
 C - 2 scrolls of fear
 J - a scroll of amnesia
 O - 3 scrolls of enchant weapon
 P - a scroll of summoning
Potions
 b - 6 potions of magic
 c - 3 potions of cancellation
 d - 3 potions of invisibility
 l - 5 potions of curing
 n - 6 potions of brilliance
 u - 2 potions of mutation
 x - a potion of heal wounds
 z - a potion of ambrosia
 D - a potion of resistance
 H - a potion of lignification {unknown}
 L - 2 potions of attraction
Miscellaneous
 A - a box of beasts


   Skills:
 + Level 12.0 Fighting
 - Level 4.3 Armour
 - Level 5.0 Dodging
 - Level 2.1 Stealth
 + Level 6.6 Shields
 + Level 11.3 Spellcasting
 + Level 13.0 Conjurations
 - Level 0.7 Transmutations
 + Level 8.3 Fire Magic
 + Level 14.6 Earth Magic
 - Level 5.0 Evocations


You had 21 spell levels left.
You knew the following spells:

 Your Spells              Type           Power      Damage    Failure   Level
a - Sandblast             Erth           100%       2d20      0%          1
b - Passwall              Tmut/Erth      51%        N/A       1%          2
c - Stone Arrow           Conj/Erth      100%       3d13      1%          3
d - Lehudib's Crystal Sp  Conj/Erth      41%        10d10     16%         8
e - Foxfire               Conj/Fire      100%       2x1d9     1%          1

Your spell library contained the following spells:

 Spells                   Type           Power      Damage    Failure   Level
 Eringya's Noxious Bog    Tmut/Pois      10%        N/A       58%         6
 Magic Dart               Conj           100%       1d8       0%          1
 Static Discharge         Conj/Air       57%        3-11/arc  1%          2
 Inner Flame              Hex/Fire       46%        N/A       1%          3
 Mephitic Cloud           Conj/Pois/Air  47%        N/A       1%          3
 Animate Armour           Summ/Erth      100%       N/A       1%          4
 Fulminant Prism          Conj/Hex       28%        3d14      1%          4
 Hailstorm                Conj/Ice       57%        3d12      1%          4
 Petrify                  Tmut/Erth      62%        N/A       1%          4
 Sticky Flame             Conj/Fire      73%        2d9       1%          4
 Irradiate                Conj/Tmut      29%        3d21      1%          5
 Apportation              Tloc           36%        N/A       2%          1
 Slow                     Hex            72%        N/A       2%          1
 Blink                    Tloc           36%        N/A       3%          2
 Call Imp                 Summ           18%        N/A       3%          2
 Ensorcelled Hibernation  Hex/Ice        36%        N/A       3%          2
 Confusing Touch          Hex            18%        N/A       8%          3
 Lesser Beckoning         Tloc           18%        N/A       8%          3
 Ozocubu's Armour         Ice            18%        N/A       8%          3
 Swiftness                Air            18%        N/A       8%          3
 Vampiric Draining        Necr           18%        2d7       8%          3
 Ice Form                 Ice/Tmut       21%        N/A       22%         4
 Cause Fear               Hex            9%         N/A       24%         4
 Corpse Rot               Necr/Pois/Air  18%        N/A       24%         4
 Dispel Undead            Necr           18%        3d11      24%         4
 Summon Ice Beast         Ice/Summ       18%        N/A       24%         4
 Blade Hands              Tmut           11%        N/A       45%         5
 Alistair's Intoxication  Tmut/Pois      14%        N/A       52%         5
 Manifold Assault         Tloc           18%        N/A       56%         5
 Metabolic Englaciation   Hex/Ice        9%         N/A       56%         5
 Summon Mana Viper        Hex/Summ       18%        N/A       56%         5
 Death Channel            Necr           9%         N/A       98%         6
 Simulacrum               Ice/Necr       9%         N/A       98%         6
 Dragon Form              Tmut           11%        N/A       100%        7
 Monstrous Menagerie      Summ           9%         N/A       100%        7
 Storm Form               Tmut/Air       10%        N/A       100%        7
 Discord                  Hex            9%         N/A       100%        8


Dungeon Overview and Level Annotations

Branches:
Dungeon (12/15)            Temple (1/1) D:5            Lair (5/5) D:10
 Shoals (0/4) Lair:3        Snake (0/4) Lair:3        Slime (0/5) Lair:5
    Orc (2/2) D:10            Elf (1/3) Orc:2         Sewer (visited)
 Bailey (visited)

Altars:
Ashenzari
Cheibriados
Dithmenos
Elyvilon
Fedhas
Gozag
Hepliaklqana
Kikubaaqudgha
Makhleb
Nemelex Xobeh
Okawaru
Qazlal
Ru
Sif Muna
Trog
Uskayaw
Vehumet
Wu Jian
Xom
Yredelemnul
Zin
The Shining One
Jiyva

Shops:
D:10 !!(   Orc:2 *=[*

Annotations:
D:6 1 runed translucent door, Newt's ghost, novice GrMo
D:8 2 runed translucent doors
Lair:2 3 runed translucent doors, Nexocug's ghost, journeyman MiFi
Lair:5 1 runed translucent door


Innate Abilities, Weirdness & Mutations

You are immune to sickness and miasma.
Your stone body is resilient. (AC +11)
You are immune to poison.
Your large and strong wings let you fly.
You resist negative energy. (rN+)
You are resistant to electric shocks. (rElec)
You are resistant to unholy torment.
You are immune to petrification.


Message History

The fire elemental burns you!
* * * LOW HITPOINT WARNING * * *
The deep elf pyromancer closely misses you.
The deep elf zephyrmancer hits you but does no damage.
Aiming: Sandblast (safe; 0% risk of failure)
Press: ? - help, Q - select action, (/) - cycle Shift-Dir - straight line, f/p - deep elf pyromancer
Aim: a deep elf pyromancer, wielding a +0 dagger and wearing a +0 ring mail (heavily wounded, 82% to hit)
The blast of sand hits the deep elf pyromancer.
The deep elf pyromancer is severely wounded.
The fire elemental barely misses you.
The deep elf pyromancer gestures wildly while chanting.
The deep elf pyromancer blinks!
A deep elf zephyrmancer comes into view.
It is wielding a +0 dagger.
The deep elf pyromancer is engulfed in blazing flames.
The deep elf zephyrmancer gestures wildly while chanting.
The deep elf zephyrmancer blinks!
The fire elemental completely misses you.
A deep elf pyromancer comes into view. It is wielding a +3 vorpal long sword.
The deep elf zephyrmancer completely misses you.
Unknown command.
Aiming: Sandblast (safe; 0% risk of failure)
Press: ? - help, Q - select action, (/) - cycle Shift-Dir - straight line, f/p - deep elf pyromancer
Aim: a deep elf pyromancer, wielding a +0 dagger and wearing a +0 ring mail (severely wounded, 82% to hit)
The blast of sand hits the deep elf pyromancer!!
You kill the deep elf pyromancer!
Vehumet accepts your kill.
You feel your power returning. The fire elemental closely misses you.
The deep elf archer shoots an arrow.
The arrow hits you but does no damage. The fire elemental hits you.
The fire elemental burns you!
* * * LOW HITPOINT WARNING * * *
The deep elf pyromancer is engulfed in blazing flames.
The deep elf zephyrmancer closely misses you.
The fire elemental closely misses you.
The deep elf pyromancer is engulfed in blazing flames.
The deep elf pyromancer dies!
The fire elemental disappears in a puff of smoke!
The deep elf zephyrmancer points at you and mumbles some strange words.
The bolt of lightning hits you. You resist.
You die...

,****,*,,*,,e..,,,,* *,+,,∩,,>
,****,*,,*,e,..,,,,* *,****~~*
,,**,,,**,,**..,,,** *,,,,,,,,
,,,,,,,,,,***#☼○,** *,***,,,,
*,,,,,**,,**##°☼** *,* *,*,*
**,,,***#..##°○### *,* *,*,*
**,,***#....°○○E# *,* *,*,*
**,,**..####°#§#*******,***,*,,
**,,,,** ###@##,,,,,,,,**,*,*
*,,,** ####.§.####***,,**,*,*
**,,,* ##..)..e...#* *,,,,,,,,
**,,,**##.ee........#***,****,*
**,,,,,##.............#**>* *,*
**,,,,,,#..e.#.....#....**,*
*,,
*,,,,,,,#..e###...###...**,*
*,*
,,,,,,,##....#.....#....**,*
*,*
*,,,,,,#................,*,*
*,*


You could see a deep elf archer (repels missiles), a water elemental, a deep elf
pyromancer and 3 deep elf zephyrmancers.

Vanquished Creatures
  Snorg (D:10)
  Josephine (Lair:3)
  Harold (Orc:1)
  A hydra (Lair:5)
  9 two-headed ogres
  2 catoblepae
  11 death yaks
  2 centaur warriors
  6 orc high priests
  Amaemon (Lair:3)
  5 deep elf pyromancers (Elf:1)
  3 deep elf zephyrmancers (Elf:1)
  An orc knight (Orc:2)
  An oklob plant (Lair:4)
  An ugly thing (D:10)
  4 orc sorcerers
  7 elephants
  5 manticores
  A merfolk siren (Lair:3)
  2 black mambas
  Maurice (D:10)
  An orange demon (Lair:3)
  2 torpor snails
  13 cane toads
  A rime drake (Lair:2)
  An unseen horror (D:10)
  A kobold demonologist (D:8)
  3 komodo dragons
  3 polar bears
  5 trolls
  A merfolk (D:11)
  4 blink frogs (Lair:5)
  3 slime creatures
  3 spriggans (Bailey)
  3 shadows
  13 wyverns
  4 wraiths
  An unseen horror simulacrum (D:10)
  5 basilisks
  8 vampire mosquitoes
  A hog (D:11)
  2 water elementals (D:11)
  74 yaks
  6 steam dragons
  6 wargs (Orc:2)
  An acid dragon (D:11)
  13 water moccasins
  5 black bears (D:11)
  2 ice beasts (D:8)
  20 orc warriors
  4 boggarts (Lair:4)
  18 ogres
  5 centaurs
  12 wolves
  3 phantoms
  2 kobold brigands
  3 gnoll sergeants (D:10)
  16 bullfrogs
  5 necrophages
  3 scorpions
  10 killer bees
  A howler monkey (D:5)
  10 electric eels
  4 hounds
  4 jellies
  4 gnoll boudas
  37 orc priests
  An iguana (D:6)
  23 orc wizards
  Robin (D:3)
  6 gnolls
  12 adders
  3 river rats (Sewer)
  2 shadow imps
  3 dart slugs
  84 orcs
  13 ball pythons
  7 bats
  5 endoplasms
  7 giant cockroaches
  21 goblins
  6 hobgoblins
  2 quokkas
  7 frilled lizards
  14 kobolds
  16 rats
645 creatures vanquished.

Vanquished Creatures (others)
  A deep elf pyromancer (Elf:1)
  An orc (Orc:1)
  A bush (Lair:5)
  28 fungi
  77 plants
  4 toadstools (D:7)
  2 withered plants (D:6)
114 creatures vanquished.

Grand Total: 759 creatures vanquished

Notes
Turn   | Place    | Note
-------+----------+-------------------------------------------
     0 | D:1      | quixfox the Gargoyle Earth Elementalist began the quest for
                  | the Orb.
     0 | D:1      | Reached XP level 1. HP: 10/10 MP: 3/3
   241 | D:1      | Reached XP level 2. HP: 15/15 MP: 3/5
   243 | D:1      | Reached skill level 4 in Earth Magic
   773 | D:1      | Reached XP level 3. HP: 19/19 MP: 3/6
   776 | D:1      | Learned a level 2 spell: Passwall
   780 | D:1      | Learned a level 3 spell: Stone Arrow
   979 | D:1      | Found a faded altar of an unknown god.
  1344 | D:2      | Got the Anthology of the Oath
  1951 | D:3      | Noticed Robin
  1958 | D:3      | Reached skill level 1 in Conjurations
  1966 | D:3      | Killed Robin
  1967 | D:3      | Reached XP level 4. HP: 19/24 MP: 1/8
  2675 | D:3      | Reached skill level 5 in Earth Magic
  2675 | D:3      | Reached XP level 5. HP: 25/28 MP: 5/9
  3037 | D:3      | Found a bloodstained altar of Trog.
  3436 | D:4      | Reached XP level 6. HP: 32/32 MP: 6/11
  3487 | D:4      | Found a hide-covered altar of Uskayaw.
  3797 | D:4      | Found the +4 robe of Augmentation {Str+4 Int+4 Dex+4}
  4376 | D:5      | Entered Level 5 of the Dungeon
  4534 | D:5      | Reached skill level 6 in Earth Magic
  4538 | D:5      | Reached XP level 7. HP: 36/36 MP: 6/13
  4595 | D:5      | Found a glowing drain.
  4606 | Sewer    | Entered a sewer
  5178 | D:5      | Found a staircase to the Ecumenical Temple.
  5191 | Temple   | Entered the Ecumenical Temple
  6357 | D:6      | Identified a scroll of acquirement
  6357 | D:6      | Acquired the +2 cloak of the Invisible Hand {Str-2 Int+6}
  6437 | D:6      | Reached skill level 5 in Spellcasting
  6437 | D:6      | Reached skill level 7 in Earth Magic
  6440 | D:6      | Reached skill level 5 in Conjurations
  6440 | D:6      | Reached XP level 8. HP: 40/41 MP: 10/15
  6525 | D:6      | Found a white marble altar of Elyvilon.
  6525 | D:6      | Found a sacrificial altar of Ru.
  6528 | D:6      | Found a basalt altar of Yredelemnul.
  6639 | D:6      | Noticed Newt's ghost (novice GrMo)
  6642 | D:6      | Found a runed translucent door.
  6763 | D:6      | Found a shadowy altar of Dithmenos.
  6932 | D:6      | Reached skill level 1 in Fighting
  6932 | D:6      | Reached skill level 1 in Armour
  7547 | D:7      | Found a shimmering altar of Xom.
  7639 | D:7      | Reached skill level 8 in Earth Magic
  7642 | D:7      | Reached XP level 9. HP: 25/50 MP: 6/17
  7808 | D:7      | Found an opulent altar of Gozag.
  8014 | D:7      | Found an iron altar of Okawaru.
  8070 | D:7      | Found a blossoming altar of Fedhas.
  8621 | D:8      | Noticed a troll
  8625 | D:8      | Killed a troll
  8642 | D:8      | Found a flagged portal.
  8699 | Bailey   | Entered a bailey
  8829 | Bailey   | Reached skill level 9 in Earth Magic
  8887 | Bailey   | Reached skill level 5 in Fighting
  8887 | Bailey   | Reached XP level 10. HP: 59/59 MP: 17/20
  8951 | Bailey   | Noticed a two-headed ogre
  8990 | Bailey   | Killed a two-headed ogre
  9154 | Bailey   | Identified the +0 steam dragon scales of Qamp {rF- Int+4
                  | Stlth+}
  9368 | D:8      | Found a large runed translucent door.
  9368 | D:8      | Found a large runed translucent door.
  9368 | D:8      | Noticed a centaur warrior
  9376 | D:8      | Found a large runed translucent door.
  9376 | D:8      | Found a large runed translucent door.
  9431 | D:8      | Noticed a kobold demonologist
  9438 | D:8      | Killed a kobold demonologist
  9679 | D:8      | Learned a level 8 spell: Lehudib's Crystal Spear
  9805 | D:8      | Noticed a two-headed ogre
  9827 | D:8      | Killed a two-headed ogre
  9828 | D:8      | Reached skill level 10 in Earth Magic
 10729 | D:9      | Reached XP level 11. HP: 49/66 MP: 17/22
 11191 | D:9      | Found a radiant altar of Vehumet.
 11195 | D:9      | Became a worshipper of Vehumet
 11684 | D:10     | Entered Level 10 of the Dungeon
 11698 | D:10     | Noticed a centaur warrior
 11702 | D:10     | Killed a centaur warrior
 11709 | D:10     | Reached skill level 11 in Earth Magic
 11723 | D:10     | Reached * piety under Vehumet
 11723 | D:10     | Offered knowledge of Foxfire by Vehumet.
 11736 | D:9      | Learned a level 1 spell: Foxfire
 11767 | D:10     | Found Ewoseexi's Distillery.
 11774 | D:10     | Found Xuazetzi's Weapon Shoppe.
 11802 | D:10     | Found Estruadd's Distillery.
 11826 | D:10     | Noticed Snorg
 11857 | D:10     | Killed Snorg
 11882 | D:10     | Noticed Maurice
 11909 | D:10     | Reached skill level 1 in Fire Magic
 11916 | D:10     | Killed Maurice
 11917 | D:10     | Reached skill level 1 in Evocations
 11958 | D:10     | Found Cer Gyiq's Jewellery Shoppe.
 12085 | D:10     | Found a staircase to the Orcish Mines.
 12314 | D:10     | Noticed a death yak
 12314 | D:10     | Noticed a death yak
 12314 | D:10     | Noticed a death yak
 12354 | D:10     | Killed a death yak
 12355 | D:10     | Reached XP level 12. HP: 27/74 MP: 17/24
 12688 | D:10     | Noticed a death yak
 12689 | D:10     | Noticed a death yak
 12722 | D:9      | Killed a death yak
 12972 | D:10     | Noticed a two-headed ogre
 12984 | D:10     | Killed a two-headed ogre
 12985 | D:10     | Reached skill level 10 in Conjurations
 13045 | D:10     | Noticed a death yak
 13155 | D:10     | Noticed a death yak
 13190 | D:9      | Killed a death yak
 13520 | D:11     | Offered knowledge of Searing Ray by Vehumet.
 13529 | D:11     | Reached ** piety under Vehumet
 13715 | D:11     | Reached skill level 12 in Earth Magic
 14590 | D:11     | Noticed a two-headed ogre
 14597 | D:11     | Killed a two-headed ogre
 14597 | D:11     | Offered knowledge of Frozen Ramparts by Vehumet.
 14599 | D:11     | Reached XP level 13. HP: 17/80 MP: 26/26
 15164 | D:11     | Reached *** piety under Vehumet
 15221 | D:11     | Found a hazy altar of Hepliaklqana.
 15288 | D:11     | Reached skill level 5 in Fire Magic
 15573 | D:10     | Found a staircase to the Lair.
 15591 | Lair:1   | Entered Level 1 of the Lair of Beasts
 16328 | Lair:1   | Offered knowledge of Flame Wave by Vehumet.
 16553 | Lair:1   | Reached skill level 5 in Evocations
 16703 | Lair:2   | Reached skill level 10 in Fighting
 16754 | Lair:2   | Reached skill level 5 in Dodging
 17277 | Lair:2   | Found a runed translucent gate.
 17277 | Lair:2   | Found a runed translucent gate.
 17277 | Lair:2   | Found a runed translucent gate.
 17278 | Lair:2   | Found a viscous altar of Jiyva.
 17278 | Lair:2   | Noticed a great orb of eyes
 17278 | Lair:2   | Noticed Nexocug's ghost (journeyman MiFi)
 17340 | Lair:2   | Reached skill level 10 in Spellcasting
 17343 | Lair:2   | Reached **** piety under Vehumet
 17344 | Lair:2   | Reached skill level 13 in Earth Magic
 17353 | Lair:2   | Reached skill level 1 in Shields
 17668 | Lair:3   | Found a staircase to the Snake Pit.
 17749 | Lair:3   | Noticed Josephine
 17765 | Lair:3   | Killed Josephine
 17768 | Lair:3   | Offered knowledge of Yara's Violent Unravelling by Vehumet.
 18289 | Lair:3   | Found a staircase to the Shoals.
 18406 | Lair:3   | Noticed Amaemon
 18419 | Lair:3   | Killed Amaemon
 19569 | Lair:4   | Gained mutation: Your large and strong wings let you fly.
                  | [Gargoyle growth]
 19569 | Lair:4   | Reached XP level 14. HP: 88/88 MP: 26/28
 20568 | Lair:5   | Entered Level 5 of the Lair of Beasts
 20934 | Lair:5   | Reached ***** piety under Vehumet
 21285 | Lair:4   | Offered knowledge of Iskenderun's Battlesphere by Vehumet.
 22461 | Lair:4   | HP: 1/90 [death yak (17)]
 22954 | Lair:5   | Found a runed translucent door.
 22955 | Lair:5   | Found a viscous altar of Jiyva.
 22957 | Lair:5   | Found a staircase to the Slime Pits.
 23038 | Lair:5   | Reached skill level 5 in Shields
 23038 | Lair:5   | Reached skill level 14 in Earth Magic
 23629 | Orc:1    | Entered Level 1 of the Orcish Mines
 23743 | Orc:1    | Noticed Harold
 23752 | Orc:1    | Killed Harold
 24773 | Orc:1    | Paralysed by an orc sorcerer for 3 turns
 25106 | Orc:1    | Found a radiant altar of Vehumet.
 25249 | Orc:1    | Paralysed by an orc sorcerer for 3 turns
 25594 | Orc:1    | Offered knowledge of Orb of Destruction by Vehumet.
 25708 | Orc:2    | Entered Level 2 of the Orcish Mines
 26193 | Orc:2    | Found a staircase to the Elven Halls.
 26400 | Orc:1    | Reached XP level 15. HP: 71/95 MP: 30/30
 26677 | Orc:2    | Found Xoczoun's Jewellery Shoppe.
 27727 | Orc:2    | Found Badd's Assorted Antiques.
 27765 | Orc:2    | Found Yfe Ehuv's Armour Shop.
 27765 | Orc:2    | Found Adaschi's General Store.
 27952 | Orc:2    | Found a shimmering blue altar of Sif Muna.
 29105 | Elf:1    | Entered Level 1 of the Elven Halls
 29173 | Elf:1    | Offered knowledge of Eringya's Noxious Bog by Vehumet.
 29200 | Elf:1    | Killed from afar by a deep elf zephyrmancer

Illustrated notes

Levels and vault maps discovered:
D:1:      dpeg_arrival_round_a, layout_basic,
          shapermc_ecumenical_altar_mp_vishouse, dreamdust_mushroom_princess,
          grunt_decor_fettered, minmay_worlds_worst_comb
D:2:      layout_basic
D:3:      layout_loops_ring, trog_hazing_becter, kennysheep_donut, uniq_robin
D:4:      layout_loops_cross, nicolae_uskayaw_murder_on_the_dancefloor
D:5:      lemuel_ice_spiral_2, layout_basic, minmay_temple_entry_offerings,
          cheibrodos_sewer_entry_sluice
D:6:      layout_loops_corners, grunt_dithmenos_smoke_and_mirrors,
          gammafunk_temple_overflow_forgotten, gammafunk_ghost_grave
D:7:      layout_loops_corners, mainiacjoe_overflow_tiny_flanked,
          mainiacjoe_overflow_alcove_1, fedhas_ov_isle_minmay,
          mainiacjoe_overflow_chevrons, minmay_gold_behind_fungi
D:8:      layout_basic, enter_bailey_5, minmay_hollow_rounded_squares
D:9:      layout_rooms, nicolae_vehumet_radiance
D:10:     layout_big_octagon, dpeg_lair_monsters,
          kennysheep_orc_monster_closet_entryway, serial_shops,
          nicolae_shop_bloodbath_and_beyond, kennysheep_mini_moat, shop,
          kennysheep_mini, grunt_tough_drop, uniq_snorg, uniq_maurice
D:11:     kennysheep_town
D:12:     layout_rooms, zin_statuary, uniq_frances
Temple:   jpeg_temple_clearing
Lair:1:   layout_cave_pods
Lair:2:   layout_roguey, gammafunk_ghost_ooze, grunt_megastairs_1,
          lemuel_fruit_tree
Lair:3:   layout_concentric_octagons, minmay_shoals_entry_lonely_mermaid,
          dummy_snake_entry, nicolae_quartered_pool_little, fungi_pond_lemuel,
          ldierk_geyser, uniq_josephine, uniq_amaemon
Lair:4:   layout_cave_pods, kilobyte_rumbling_trees, lemuel_fruit_fields
Lair:5:   evilmike_catoblepas_cave, layout_concentric_octagons, slime_entry_2,
          chequers_serial_rivers_large_a
Orc:1:    layout_diamond_mine, basic_altar, nicolae_orc_damp_corner, uniq_harold
Orc:2:    st_orc_town, layout_caves, kennysheep_orc_sif_temple
Elf:1:    minmay_elf_arrival_circle, layout_loops_ring, serial_shops,
          nicolae_shop_waterfront, nicolae_shop_hallway_stairs, shop, shop,
          nicolae_shop_statue_plus, portal_ice_cave_entry_horrid_things,
          minmay_elf_demonology

Skill      XL: |  1  2  3  4  5  6  7  8  9 10 11 12 13 14 15 |
---------------+----------------------------------------------+-----
Earth Magic    | 4 5 6 7 8 9 10 11 12 13 14 | 14.6
Conjurations   | 1 2 3 5 6 7 8 9 10 11 12 13 | 13.0
Spellcasting   | 3 4 5 6 7 8 9 10 11 | 11.3
Fighting       | 3 5 6 8 9 10 11 12 | 12.0
Armour         | 3 4 |  4.3
Dodging        | 2 4 5 |  5.0
Fire Magic     | 2 4 6 7 8 |  8.3
Evocations     | 1 4 5 |  5.0
Shields        | 2 5 6 |  6.6
Stealth        | |  2.1
Transmutations | |  0.7

Action                   |  1- 3 |  4- 6 |  7- 9 | 10-12 | 13-15 || total
-------------------------+-------+-------+-------+-------+-------++-------
Melee: Dagger            |       |     1 |       |       |       ||     1
       Mace              |       |       |       |    14 |    12 ||    26
Throw: Throwing net      |       |       |       |     1 |       ||     1
 Cast: Sandblast         |    56 |    85 |   144 |   410 |  1005 ||  1700
       Passwall          |       |       |       |       |     2 ||     2
Evoke: Wand              |       |       |       |    13 |     8 ||    21
       Box of beasts     |       |       |       |       |     1 ||     1
  Use: Scroll            |     4 |     4 |    10 |    10 |     9 ||    37
       Potion            |       |       |       |     3 |     5 ||     8
Armor: Robe              |     5 |    26 |    36 |   200 |   609 ||   876
Dodge: Dodged            |    12 |    23 |    92 |   389 |  1096 ||  1612
Block: Buckler           |       |       |       |       |    16 ||    16

Table legend: (Time is in decaauts)
 A = Elapsed time spent in this place.
 B = Non-inter-level travel time spent in this place.
 C = Inter-level travel time spent in this place.
 D = Time resting spent in this place.
 E = Time spent auto-exploring this place.
 F = Levels seen in this place.
 G = Mean time per level.
                   A        B        C        D        E       F      G
               +--------+--------+--------+--------+--------+-----+--------+
         Total |  30971 |  29470 |   1501 |   7937 |  11657 |  23 | 1346.6 |
       Dungeon |  17096 |  16216 |    880 |   3810 |   8074 |  12 | 1424.7 |
        Temple |    139 |    139 |      0 |      0 |    110 |   1 |  139.0 |
          Lair |   8761 |   8334 |    427 |   2568 |   2375 |   5 | 1752.2 |
  Orcish Mines |   3787 |   3594 |    193 |   1393 |    618 |   2 | 1893.5 |
   Elven Halls |    126 |    126 |      0 |     33 |      0 |   1 |  126.0 |
         Sewer |    528 |    528 |      0 |     23 |    338 |   1 |  528.0 |
        Bailey |    531 |    531 |      0 |    110 |    142 |   1 |  531.0 |
               +--------+--------+--------+--------+--------+-----+--------+

Top non-repeatable levels by time:
  Lair:4: 3177 daAuts
    D:10: 2566 daAuts
    D:11: 2499 daAuts
     D:9: 2043 daAuts
   Orc:2: 1909 daAuts
   Orc:1: 1877 daAuts
  Lair:3: 1775 daAuts
     D:8: 1688 daAuts
     D:3: 1491 daAuts
  Lair:5: 1433 daAuts
  Lair:1: 1272 daAuts
     D:1: 1266 daAuts
     D:5: 1241 daAuts
     D:7: 1193 daAuts
     D:4: 1177 daAuts
